[Event "FICS rated blitz game"]
[Site "FICS freechess.org"]
[FICSGamesDBGameNo "20001689"]
[White "Funs"]
[Black "Cuchulainn"]
[WhiteElo "1847"]
[BlackElo "1875"]
[WhiteRD "na"]
[BlackRD "na"]
[TimeControl "300+0"]
[Date "1999.09.08"]
[Time "04:50:00"]
[WhiteClock "0:05:00.000"]
[BlackClock "0:05:00.000"]
[ECO "B78"]
[PlyCount "94"]
[Result "0-1"]

1. e4 c5 2. Nf3 d6 3. d4 cxd4 4. Nxd4 Nf6 5. Nc3 g6 6. Be3 Bg7 7. f3 Nc6 8. Qd2 O-O 9. Bc4 Bd7 10. O-O-O Rc8 11. Bb3 Ne5 12. h4 Nc4 13. Bxc4 Rxc4 14. h5 Nxh5 15. g4 Nf6 16. Nb3 Qc7 17. e5 dxe5 18. g5 Bf5 19. gxf6 exf6 20. Qd6 Qxd6 21. Rxd6 a6 22. Na5 Rc7 23. Bb6 Re7 24. Nd5 Re6 25. Rxe6 fxe6 26. Ne7+ Kf7 27. Nxf5 exf5 28. Rd1 Re8 29. Bc5 g5 30. Rd7+ Kg6 31. Rxb7 g4 32. fxg4 fxg4 33. Rb3 h5 34. Rg3 f5 35. Nc4 h4 36. Ra3 h3 37. Rxa6+ Kg5 38. Nd2 h2 39. Be3+ Kh4 40. Bf2+ Kh3 41. Ra3+ Kg2 42. Kd1 h1=Q+ 43. Ke2 f4 44. c4 e4 45. c5 e3 46. Rc3 exf2+ 47. Kd3 f1=Q+ {White forfeits on time} 0-1

[Event "FICS rated blitz game"]
[Site "FICS freechess.org"]
[FICSGamesDBGameNo "20001688"]
[White "FMP"]
[Black "Chernee"]
[WhiteElo "2157"]
[BlackElo "2162"]
[WhiteRD "na"]
[BlackRD "na"]
[TimeControl "240+0"]
[Date "1999.09.08"]
[Time "00:46:00"]
[WhiteClock "0:04:00.000"]
[BlackClock "0:04:00.000"]
[ECO "B22"]
[PlyCount "95"]
[Result "1-0"]

1. e4 c5 2. Nf3 Nc6 3. c3 Nf6 4. e5 Nd5 5. d4 cxd4 6. cxd4 d6 7. Bc4 Nb6 8. Bb5 Bd7 9. Nc3 dxe5 10. Nxe5 Nxe5 11. dxe5 Bxb5 12. Nxb5 Qxd1+ 13. Kxd1 O-O-O+ 14. Ke2 a6 15. Be3 Nd5 16. Rhc1+ Kb8 17. Ba7+ Ka8 18. a4 e6 19. Bd4 Bb4 20. Rc4 Rc8 21. Rxc8+ Rxc8 22. Nd6 Bxd6 23. exd6 f6 24. Rd1 Rd8 25. Bc5 b6 26. Ba3 Kb7 27. g3 Kc6 28. Rc1+ Kd7 29. f4 Rc8 30. Rxc8 Kxc8 31. Kd3 Kd7 32. Kd4 g6 33. b3 h5 34. h4 Kc6 35. Ke4 b5 36. axb5+ axb5 37. Kd4 b4 38. Bc1 Kxd6 39. Kc4 Kc6 40. Bd2 e5 41. fxe5 fxe5 42. Bxb4 e4 43. Be1 Ne7 44. Kd4 Nf5+ 45. Kxe4 Kc5 46. Ke5 Nd6 47. Kf6 Ne4+ 48. Kxg6 {Black resigns} 1-0

[Event "FICS rated lightning game"]
[Site "FICS freechess.org"]
[FICSGamesDBGameNo "20001687"]
[White "frankenschach"]
[Black "nonfish"]
[WhiteElo "1705"]
[BlackElo "1076"]
[WhiteRD "na"]
[BlackRD "na"]
[TimeControl "60+2"]
[Date "1999.09.08"]
[Time "00:45:00"]
[WhiteClock "0:01:00.000"]
[BlackClock "0:01:00.000"]
[ECO "A40"]
[PlyCount "105"]
[Result "1-0"]

1. d4 g5 2. Bxg5 Bg7 3. Nf3 f6 4. Bc1 d6 5. b3 b6 6. Bb2 c5 7. e3 cxd4 8. exd4 Bg4 9. Be2 Nc6 10. O-O e5 11. dxe5 dxe5 12. Qxd8+ Rxd8 13. h3 Bxf3 14. Bxf3 Nd4 15. Bxd4 Rxd4 16. c3 Rd3 17. Rd1 Rxd1+ 18. Bxd1 Kf7 19. Nd2 Ne7 20. Be2 Rd8 21. Bc4+ Kf8 22. Nf3 Bh6 23. Re1 Bd2 24. Nxd2 Rxd2 25. Re2 Rxe2 26. Bxe2 Nd5 27. c4 Nc3 28. Bd3 Nxa2 29. Bxh7 Nc1 30. Bc2 Ne2+ 31. Kf1 Nf4 32. h4 a5 33. g3 Ng6 34. Bxg6 Kg7 35. Bf5 Kh6 36. g4 Kg7 37. Ke2 Kf7 38. Kd2 Ke7 39. Ke3 Kd6 40. Kd3 Kc5 41. h5 Kb4 42. Kc2 a4 43. bxa4 Kxc4 44. h6 Kb4 45. h7 Kxa4 46. h8=Q b5 47. Qa8+ Kb4 48. Be6 Kc5 49. Qd5+ Kb4 50. Qe4+ Kc5 51. Kb3 Kb6 52. Kb4 Ka7 53. Qc6 {Black resigns} 1-0

[Event "FICS rated blitz game"]
[Site "FICS freechess.org"]
[FICSGamesDBGameNo "20001686"]
[White "suzzane"]
[Black "PWI"]
[WhiteElo "1201"]
[BlackElo "925"]
[WhiteRD "na"]
[BlackRD "na"]
[TimeControl "600+0"]
[Date "1999.09.08"]
[Time "00:41:00"]
[WhiteClock "0:10:00.000"]
[BlackClock "0:10:00.000"]
[ECO "B01"]
[PlyCount "57"]
[Result "1-0"]

1. e4 d5 2. exd5 Qxd5 3. Nc3 Qf5 4. Be2 Nf6 5. h3 g6 6. Nf3 Ne4 7. Nxe4 Qxe4 8. O-O e6 9. Re1 Bd6 10. Bb5+ Bd7 11. Rxe4 Bxb5 12. c4 Bc6 13. Re3 Nd7 14. d4 b6 15. d5 Bb7 16. dxe6 fxe6 17. Rxe6+ Kf7 18. Rxd6 cxd6 19. Qxd6 Rae8 20. Qxd7+ Re7 21. Qd6 Re6 22. Qd4 Rc8 23. Qd7+ Re7 24. Qd4 Ke8 25. Bg5 Re4 26. Qh8+ Kd7 27. Qg7+ Ke8 28. Qxb7 Rexc4 29. Qe7# {Black checkmated} 1-0

[Event "FICS rated blitz game"]
[Site "FICS freechess.org"]
[FICSGamesDBGameNo "20001684"]
[White "ACC"]
[Black "lenthemug"]
[WhiteElo "1902"]
[BlackElo "1853"]
[WhiteRD "na"]
[BlackRD "na"]
[TimeControl "300+0"]
[Date "1999.09.08"]
[Time "00:17:00"]
[WhiteClock "0:05:00.000"]
[BlackClock "0:05:00.000"]
[ECO "D17"]
[PlyCount "95"]
[Result "1-0"]

1. d4 c6 2. c4 d5 3. Nc3 Nf6 4. Nf3 dxc4 5. a4 Bf5 6. Bg5 e6 7. e4 Bg4 8. e5 h6 9. exf6 hxg5 10. fxg7 Bxg7 11. Bxc4 Bxf3 12. Qxf3 Qxd4 13. Be2 g4 14. Qxg4 Nd7 15. Qxd4 Bxd4 16. O-O Nc5 17. Rfd1 Rd8 18. a5 Ke7 19. h3 Rh6 20. Bf3 Nb3 21. Ra3 Nc5 22. b4 Na6 23. b5 cxb5 24. Nxb5 Bc5 25. Rxd8 Kxd8 26. Rd3+ Kc8 27. Rc3 Kb8 28. Rb3 e5 29. Nc3 b6 30. axb6 axb6 31. Be2 Nb4 32. Ne4 Kc7 33. Nc3 f5 34. Nb5+ Kc6 35. Na7+ Kd5 36. Bf3+ e4 37. Be2 Nc2 38. h4 Nd4 39. Rb2 Nxe2+ 40. Rxe2 Rxh4 41. g3 Rh7 42. Nb5 Kc4 43. Rb2 Rd7 44. Rb1 Rd3 45. Kg2 Rb3 46. Rxb3 Kxb3 47. Nc7 Kc4 48. Ne6 {Black forfeits on time} 1-0

[Event "FICS rated blitz game"]
[Site "FICS freechess.org"]
[FICSGamesDBGameNo "20001683"]
[White "Sphinxs"]
[Black "ilpakk"]
[WhiteElo "1771"]
[BlackElo "1354"]
[WhiteRD "na"]
[BlackRD "na"]
[TimeControl "120+12"]
[Date "1999.09.07"]
[Time "22:12:00"]
[WhiteClock "0:02:00.000"]
[BlackClock "0:02:00.000"]
[ECO "A04"]
[PlyCount "51"]
[Result "1-0"]

1. Nf3 c5 2. g3 d6 3. d4 cxd4 4. Nxd4 Nc6 5. Bg2 Bd7 6. O-O e6 7. c4 f5 8. Nc3 Nf6 9. Ndb5 Qb8 10. b3 a6 11. Na3 Be7 12. Bb2 O-O 13. Nc2 Ne5 14. Nd4 b5 15. Bxa8 Qxa8 16. cxb5 axb5 17. Ndxb5 Nfg4 18. Nxd6 f4 19. Nce4 f3 20. e3 Ng6 21. Qd4 Nf6 22. Rfd1 Bc6 23. Ng5 e5 24. Qc4+ Bd5 25. Qc7 Rc8 26. Nxc8 {Black resigns} 1-0

[Event "FICS rated blitz game"]
[Site "FICS freechess.org"]
[FICSGamesDBGameNo "20001682"]
[White "nonfish"]
[Black "patrow"]
[WhiteElo "1114"]
[BlackElo "1263"]
[WhiteRD "na"]
[BlackRD "na"]
[TimeControl "120+12"]
[Date "1999.09.07"]
[Time "22:10:00"]
[WhiteClock "0:02:00.000"]
[BlackClock "0:02:00.000"]
[ECO "C42"]
[PlyCount "30"]
[Result "0-1"]

1. e4 e5 2. Nf3 Nf6 3. Bc4 Nxe4 4. Nxe5 d5 5. Bb3 f6 6. Ng4 Qe7 7. O-O Qc5 8. d4 Qd6 9. Re1 Nc6 10. f3 h5 11. Nf2 Bf5 12. fxe4 dxe4 13. Ba4 O-O-O 14. Bxc6 Qxc6 15. c3 a6 {White forfeits on time} 0-1

[Event "FICS rated blitz game"]
[Site "FICS freechess.org"]
[FICSGamesDBGameNo "20001681"]
[White "CanbiteU"]
[Black "ehiggi"]
[WhiteElo "1535"]
[BlackElo "1434"]
[WhiteRD "na"]
[BlackRD "na"]
[TimeControl "120+12"]
[Date "1999.09.07"]
[Time "22:09:00"]
[WhiteClock "0:02:00.000"]
[BlackClock "0:02:00.000"]
[ECO "C41"]
[PlyCount "83"]
[Result "1-0"]

1. e4 e5 2. Nf3 d6 3. d4 exd4 4. Qxd4 Nf6 5. Nc3 Be7 6. Bd3 O-O 7. O-O Nc6 8. Qe3 Ng4 9. Qe1 Nge5 10. Be2 Nb4 11. Qd1 Nxf3+ 12. Bxf3 f5 13. a3 Nc6 14. Nd5 fxe4 15. Bxe4 Bf5 16. Qe2 Bxe4 17. Qxe4 Bf6 18. Nxf6+ Qxf6 19. c3 Rae8 20. Qa4 Re2 21. Be3 Rxb2 22. Rae1 Qxc3 23. Rc1 Qa5 24. Qc4+ d5 25. Qd3 Ne5 26. Qd4 Nc4 27. Rxc4 dxc4 28. Qxb2 c3 29. Qc2 Qxa3 30. Bd4 c5 31. Bxc3 b5 32. Ra1 Qxa1+ 33. Bxa1 c4 34. Bc3 Ra8 35. Ba5 Rb8 36. Qc3 a6 37. g3 Kf7 38. Qf3+ Ke6 39. Qe4+ Kf7 40. Qf5+ Ke8 41. Qe5+ Kf7 42. Qxb8 {Black resigns} 1-0

[Event "FICS rated blitz game"]
[Site "FICS freechess.org"]
[FICSGamesDBGameNo "20001680"]
[White "Superdoo"]
[Black "kpkthree"]
[WhiteElo "1205"]
[BlackElo "968"]
[WhiteRD "na"]
[BlackRD "na"]
[TimeControl "360+3"]
[Date "1999.09.07"]
[Time "22:04:00"]
[WhiteClock "0:06:00.000"]
[BlackClock "0:06:00.000"]
[ECO "A40"]
[PlyCount "57"]
[Result "1-0"]

1. d4 e6 2. e4 Qf6 3. Be3 Bb4+ 4. c3 Ba5 5. b4 Bb6 6. a4 a5 7. b5 Ne7 8. Nd2 d5 9. e5 Qg6 10. Ngf3 O-O 11. c4 Nd7 12. c5 Ba7 13. Rb1 b6 14. c6 Nf6 15. exf6 Qxf6 16. Bg5 Qf5 17. Bxe7 Re8 18. Nh4 Qxb1 19. Qxb1 Rxe7 20. Ndf3 e5 21. dxe5 g6 22. Be2 Bg4 23. h3 Bxf3 24. Bxf3 d4 25. O-O Rxe5 26. Qd3 Rd8 27. Bg4 Rg5 28. Nf3 Rgd5 29. Re1 {Black forfeits on time} 1-0

[Event "FICS rated blitz game"]
[Site "FICS freechess.org"]
[FICSGamesDBGameNo "20001679"]
[White "rotty"]
[Black "mps"]
[WhiteElo "1377"]
[BlackElo "1486"]
[WhiteRD "na"]
[BlackRD "na"]
[TimeControl "240+12"]
[Date "1999.09.07"]
[Time "21:59:00"]
[WhiteClock "0:04:00.000"]
[BlackClock "0:04:00.000"]
[ECO "A25"]
[PlyCount "91"]
[Result "1-0"]

1. c4 Nf6 2. Nc3 e5 3. g3 Nc6 4. Bg2 d6 5. d3 Be6 6. Bg5 Be7 7. Bxf6 Bxf6 8. e4 O-O 9. Nge2 Bg4 10. f3 Bh5 11. O-O Qd7 12. Nd5 Bd8 13. b4 Ne7 14. Nxe7+ Bxe7 15. Nc3 c6 16. Qd2 f6 17. a3 Bf7 18. f4 exf4 19. Qxf4 Qc7 20. Rac1 Qb6+ 21. Kh1 Qd4 22. Qf3 a5 23. Ne2 Qb6 24. Qf2 Qxf2 25. Rxf2 axb4 26. axb4 Ra2 27. Kg1 Rfa8 28. Nc3 R2a3 29. Bf1 d5 30. exd5 Bxb4 31. Ne4 cxd5 32. cxd5 Bxd5 33. Kg2 Rf8 34. Rf5 Bc6 35. Rc4 g6 36. Rf2 Ba5 37. Kg1 Bb6 38. Nc5 Bd5 39. Rcc2 Rc8 40. d4 Ra4 41. Rfd2 Ba5 42. Nxa4 Rxc2 43. Rxc2 Bb3 44. Bc4+ Bxc4 45. Rxc4 b5 46. Rc5 {Black resigns} 1-0

[Event "FICS rated blitz game"]
[Site "FICS freechess.org"]
[FICSGamesDBGameNo "20001677"]
[White "embu"]
[Black "Acefreak"]
[WhiteElo "1510"]
[BlackElo "1455"]
[WhiteRD "na"]
[BlackRD "na"]
[TimeControl "240+0"]
[Date "1999.09.07"]
[Time "21:07:00"]
[WhiteClock "0:04:00.000"]
[BlackClock "0:04:00.000"]
[ECO "C68"]
[PlyCount "81"]
[Result "1-0"]

1. e4 e5 2. Nf3 Nc6 3. Bb5 a6 4. Bxc6 dxc6 5. d4 exd4 6. Qxd4 Qxd4 7. Nxd4 Nf6 8. f3 Bc5 9. Nb3 Bb6 10. Nc3 Be6 11. Bg5 h6 12. Bxf6 gxf6 13. O-O-O Rd8 14. Rxd8+ Kxd8 15. Na4 Ke7 16. Nbc5 Bxc5 17. Nxc5 Bc8 18. g3 b6 19. Nd3 a5 20. Kd2 Rd8 21. Ke3 Ba6 22. Nf4 c5 23. Nd5+ Ke6 24. Nxc7+ Kd6 25. Nd5 Ke5 26. b3 c4 27. f4+ Ke6 28. Nxb6 cxb3 29. axb3 f5 30. Nd5 fxe4 31. Nc7+ Kf5 32. Nxa6 Rc8 33. c4 f6 34. Rd1 Rc6 35. Rd5+ Kg6 36. Nc5 f5 37. Na4 h5 38. c5 Rc8 39. Rd6+ Kf7 40. Rh6 Rb8 41. Nb6 {Black resigns} 1-0

[Event "FICS rated blitz game"]
[Site "FICS freechess.org"]
[FICSGamesDBGameNo "20001676"]
[White "Chessax"]
[Black "Saved"]
[WhiteElo "1381"]
[BlackElo "1334"]
[WhiteRD "na"]
[BlackRD "na"]
[TimeControl "240+0"]
[Date "1999.09.07"]
[Time "21:06:00"]
[WhiteClock "0:04:00.000"]
[BlackClock "0:04:00.000"]
[ECO "C46"]
[PlyCount "114"]
[Result "0-1"]

1. e4 e5 2. Nc3 Nc6 3. Nf3 Bc5 4. h3 Nf6 5. d3 d5 6. exd5 Nxd5 7. Na4 Qd6 8. Qe2 O-O 9. c3 e4 10. dxe4 Nf4 11. Qc2 Nd3+ 12. Bxd3 Qf6 13. Nxc5 b6 14. Nb3 Ne5 15. Bg5 Nxf3+ 16. gxf3 Qxg5 17. Nd4 Qg2 18. Rf1 Qxh3 19. O-O-O c5 20. Rh1 Qg2 21. Nc6 Qxf3 22. Ne7+ Kh8 23. Nd5 Bg4 24. Ne3 Be6 25. Be2 Qf4 26. Kb1 h6 27. Bd3 c4 28. Nxc4 Bxc4 29. Bxc4 Rac8 30. Ba6 Rce8 31. Bd3 Rd8 32. Qe2 Qe5 33. Rh4 b5 34. Bxb5 Rxd1+ 35. Qxd1 Rc8 36. Qb3 Qf6 37. Rh2 Qf3 38. a3 Rd8 39. Ka2 Rb8 40. Qd5 a6 41. Bxa6 Qf6 42. Bc4 Rd8 43. Qa5 Rd2 44. Qa8+ Kh7 45. Kb3 Qf4 46. Rg2 Qf3 47. Rg3 Qd1+ 48. Kb4 Rxb2+ 49. Kc5 Qd7 50. Qd5 Qc7+ 51. Qc6 Qe7+ 52. Qd6 Qa7+ 53. Kd5 Qxf2 54. Rd3 Qh4 55. Qe5 Rb8 56. Qf5+ Kh8 57. Qxf7 Rd8+ {White forfeits on time} 0-1

[Event "FICS rated blitz game"]
[Site "FICS freechess.org"]
[FICSGamesDBGameNo "20001675"]
[White "CsabaSiger"]
[Black "bkdeath"]
[WhiteElo "1633"]
[BlackElo "1381"]
[WhiteRD "na"]
[BlackRD "na"]
[TimeControl "120+12"]
[Date "1999.09.07"]
[Time "20:50:00"]
[WhiteClock "0:02:00.000"]
[BlackClock "0:02:00.000"]
[ECO "C00"]
[PlyCount "59"]
[Result "1-0"]

1. e4 e6 2. b3 d5 3. exd5 exd5 4. Bb2 Nf6 5. Nf3 Bg4 6. Qe2+ Qe7 7. Bxf6 gxf6 8. Qxe7+ Bxe7 9. Nd4 O-O 10. Bd3 Nd7 11. Nf5 Bxf5 12. Bxf5 Rad8 13. d4 Kh8 14. O-O Rg8 15. f4 Nf8 16. c3 Bd6 17. Nd2 Ng6 18. g3 Ne7 19. Bd3 Ng6 20. Rae1 Bxf4 21. Bxg6 Bxd2 22. Bxf7 Bxe1 23. Bxg8 Rxg8 24. Rxe1 Rg7 25. Re8+ Rg8 26. Re6 Rf8 27. Re7 Rc8 28. Rd7 Re8 29. Kf2 Kg8 30. Rxc7 {Black resigns} 1-0

[Event "FICS rated standard game"]
[Site "FICS freechess.org"]
[FICSGamesDBGameNo "20001672"]
[White "emran"]
[Black "Snorros"]
[WhiteElo "1502"]
[BlackElo "1330"]
[WhiteRD "na"]
[BlackRD "na"]
[TimeControl "900+10"]
[Date "1999.09.07"]
[Time "17:23:00"]
[WhiteClock "0:15:00.000"]
[BlackClock "0:15:00.000"]
[ECO "C41"]
[PlyCount "61"]
[Result "1-0"]

1. e4 e5 2. Nf3 d6 3. d3 Nf6 4. Nc3 h6 5. Be3 Nc6 6. Be2 Be7 7. O-O d5 8. exd5 Nxd5 9. d4 Nxc3 10. bxc3 e4 11. Nd2 Bf5 12. Nxe4 Bxe4 13. f3 Bf5 14. Bd3 Qd7 15. Qb1 Bxd3 16. Qxb7 Rb8 17. Qa6 Bxf1 18. Kxf1 O-O 19. Qc4 Na5 20. Qa6 Nc6 21. Qc4 Rb6 22. d5 Ne5 23. Qd4 Bf6 24. f4 Nf3 25. Qe4 Nxh2+ 26. Kg1 Re8 27. Qd3 Rb2 28. Kxh2 Qe7 29. Bf2 Qe2 30. Re1 Qxf2 31. Rxe8# {Black checkmated} 1-0

[Event "FICS rated standard game"]
[Site "FICS freechess.org"]
[FICSGamesDBGameNo "20001671"]
[White "nightz"]
[Black "pietro"]
[WhiteElo "1176"]
[BlackElo "1295"]
[WhiteRD "na"]
[BlackRD "na"]
[TimeControl "480+12"]
[Date "1999.09.07"]
[Time "16:29:00"]
[WhiteClock "0:08:00.000"]
[BlackClock "0:08:00.000"]
[ECO "D06"]
[PlyCount "41"]
[Result "0-1"]

1. d4 d5 2. c4 Nf6 3. e3 Nc6 4. Nf3 Bg4 5. Be2 Bxf3 6. Bxf3 e5 7. Be2 Qd7 8. Nc3 dxc4 9. Bxc4 exd4 10. exd4 Nxd4 11. Bb5 c6 12. Be2 O-O-O 13. O-O Qe6 14. Bd3 Bd6 15. Re1 Qd7 16. Qc2 Ng4 17. Bf5 Nxf5 18. h3 Ne5 19. g4 Nf3+ 20. Kf1 Nxe1 21. Kxe1 {White resigns} 0-1

[Event "FICS rated blitz game"]
[Site "FICS freechess.org"]
[FICSGamesDBGameNo "20001666"]
[White "bcooney"]
[Black "Thesevs"]
[WhiteElo "1424"]
[BlackElo "1594"]
[WhiteRD "na"]
[BlackRD "na"]
[TimeControl "300+0"]
[Date "1999.09.07"]
[Time "16:14:00"]
[WhiteClock "0:05:00.000"]
[BlackClock "0:05:00.000"]
[ECO "D00"]
[PlyCount "62"]
[Result "0-1"]

1. d4 d5 2. Bg5 Nf6 3. Bxf6 gxf6 4. Nf3 Bf5 5. Nbd2 e6 6. e3 Bb4 7. c3 Bd6 8. c4 Bb4 9. a3 Bxd2+ 10. Qxd2 Nc6 11. Rc1 dxc4 12. Bxc4 O-O 13. O-O a6 14. Nh4 Be4 15. f3 Bd5 16. Bd3 f5 17. Qf2 Kh8 18. Rfd1 Rg8 19. e4 fxe4 20. Bxe4 Bxe4 21. fxe4 Qg5 22. Nf3 Qg4 23. d5 exd5 24. exd5 Ne7 25. Ne5 Qf5 26. Qxf5 Nxf5 27. Rxc7 Ne3 28. Rd3 Rxg2+ 29. Kh1 Re2 30. Nxf7+ Kg8 31. d6 Re1# {White checkmated} 0-1

[Event "FICS rated blitz game"]
[Site "FICS freechess.org"]
[FICSGamesDBGameNo "20001665"]
[White "vpff"]
[Black "pastene"]
[WhiteElo "1090"]
[BlackElo "1101"]
[WhiteRD "na"]
[BlackRD "na"]
[TimeControl "120+12"]
[Date "1999.09.07"]
[Time "16:04:00"]
[WhiteClock "0:02:00.000"]
[BlackClock "0:02:00.000"]
[ECO "C26"]
[PlyCount "93"]
[Result "1-0"]

1. e4 e5 2. Bc4 Nf6 3. Nc3 Bc5 4. Nf3 Ng4 5. O-O Nxf2 6. Rxf2 Bxf2+ 7. Kxf2 d6 8. d4 exd4 9. Qxd4 O-O 10. Nd5 Nc6 11. Qc3 Bg4 12. b3 Bxf3 13. Qxf3 Qh4+ 14. Kg1 Qe1+ 15. Qf1 Qxf1+ 16. Kxf1 f5 17. Nxc7+ Kh8 18. Nxa8 fxe4+ 19. Kg1 Rxa8 20. Bb2 e3 21. Re1 Re8 22. Bd5 Nb4 23. Bxb7 Nxc2 24. Re2 Re7 25. Bc8 Re8 26. Bf5 d5 27. Bxc2 d4 28. Bxd4 Re4 29. Bxe4 Kg8 30. Bxe3 h6 31. Rf2 a5 32. Bd5+ Kh7 33. Bb6 a4 34. bxa4 g6 35. Rf7+ Kg8 36. Rf6+ Kg7 37. Bd4 g5 38. Rf5+ Kg6 39. Rf6+ Kg7 40. a5 g4 41. a6 g3 42. hxg3 h5 43. a7 h4 44. gxh4 Kh8 45. a8=Q+ Kg7 46. Qb7+ Kh8 47. Rf8# {Black checkmated} 1-0

[Event "FICS rated blitz game"]
[Site "FICS freechess.org"]
[FICSGamesDBGameNo "20001664"]
[White "MatJustin"]
[Black "damni"]
[WhiteElo "1350"]
[BlackElo "1371"]
[WhiteRD "na"]
[BlackRD "na"]
[TimeControl "300+0"]
[Date "1999.09.07"]
[Time "14:56:00"]
[WhiteClock "0:05:00.000"]
[BlackClock "0:05:00.000"]
[ECO "A85"]
[PlyCount "71"]
[Result "1-0"]

1. d4 f5 2. c4 Nf6 3. Nc3 d6 4. Bg5 e5 5. dxe5 dxe5 6. Qxd8+ Kxd8 7. Nf3 e4 8. Ne5 Nd7 9. Rd1 Be7 10. Nf7+ Ke8 11. Nxh8 Kf8 12. Bxf6 Nxf6 13. Nd5 c6 14. Nxe7 Kxe7 15. e3 Be6 16. Be2 Rxh8 17. O-O h5 18. b3 h4 19. h3 g5 20. Rd2 g4 21. hxg4 fxg4 22. Rfd1 h3 23. g3 Nd7 24. Rd4 Bf5 25. Kh2 Ne5 26. a4 Nd3 27. Bxd3 exd3 28. e4 Be6 29. R1xd3 Rf8 30. Rd2 Rf3 31. R4d3 Rf6 32. e5 Rf5 33. Re3 b5 34. axb5 cxb5 35. c5 a6 36. b4 {Black resigns} 1-0

[Event "FICS rated blitz game"]
[Site "FICS freechess.org"]
[FICSGamesDBGameNo "20001663"]
[White "Sharp"]
[Black "family"]
[WhiteElo "1374"]
[BlackElo "1763"]
[WhiteRD "na"]
[BlackRD "na"]
[TimeControl "120+15"]
[Date "1999.09.07"]
[Time "14:40:00"]
[WhiteClock "0:02:00.000"]
[BlackClock "0:02:00.000"]
[ECO "D35"]
[PlyCount "56"]
[Result "0-1"]

1. c4 e6 2. Nc3 d5 3. cxd5 exd5 4. d4 c6 5. Nf3 Nf6 6. Bf4 Bd6 7. Bxd6 Qxd6 8. e3 O-O 9. Bd3 Be6 10. O-O Nbd7 11. Qc2 h6 12. Ne2 g5 13. h3 Kg7 14. Nh2 h5 15. Bf5 Kh6 16. g4 h4 17. Nc3 Bxf5 18. Qxf5 Qe6 19. Qd3 Rae8 20. Rae1 Ne4 21. f3 Ng3 22. Rf2 b5 23. e4 b4 24. Ne2 dxe4 25. fxe4 Qxe4 26. Qxe4 Nxe4 27. Rf5 Ng3 28. Ra5 Nxe2+ {White resigns} 0-1

[Event "FICS rated blitz game"]
[Site "FICS freechess.org"]
[FICSGamesDBGameNo "20001662"]
[White "AlexP"]
[Black "alms"]
[WhiteElo "1873"]
[BlackElo "1842"]
[WhiteRD "na"]
[BlackRD "na"]
[TimeControl "180+0"]
[Date "1999.09.07"]
[Time "14:18:00"]
[WhiteClock "0:03:00.000"]
[BlackClock "0:03:00.000"]
[ECO "D07"]
[PlyCount "91"]
[Result "1-0"]

1. d4 d5 2. c4 Nc6 3. Nf3 Bg4 4. cxd5 Bxf3 5. gxf3 Qxd5 6. e3 e5 7. Nc3 Bb4 8. Bd2 Bxc3 9. bxc3 Qd6 10. Bg2 O-O-O 11. O-O Nge7 12. Rb1 Nf5 13. Qb3 b6 14. a4 Nh4 15. Bh3+ Kb7 16. Qd1 Qg6+ 17. Kh1 exd4 18. cxd4 Nxd4 19. exd4 Rxd4 20. Rg1 Qd6 21. Rb2 Rd8 22. Qc2 Rxd2 23. Qe4+ Qd5 24. Rxd2 Qxe4 25. fxe4 Rxd2 26. Rxg7 Rd1+ 27. Rg1 Rxg1+ 28. Kxg1 a6 29. Kf1 b5 30. a5 c5 31. Ke2 c4 32. Kd2 b4 33. f4 Kc6 34. e5 Kb5 35. f5 Kxa5 36. e6 c3+ 37. Kc2 fxe6 38. fxe6 Ng6 39. Bf5 Kb5 40. Bxg6 Kc6 41. Bxh7 Kd6 42. Bf5 a5 43. h4 a4 44. h5 Ke7 45. Bg4 Kf6 46. Kd3 {Black forfeits on time} 1-0

[Event "FICS rated blitz game"]
[Site "FICS freechess.org"]
[FICSGamesDBGameNo "20001661"]
[White "theoric"]
[Black "JohnLennon"]
[WhiteElo "1903"]
[BlackElo "2056"]
[WhiteRD "na"]
[BlackRD "na"]
[TimeControl "180+0"]
[Date "1999.09.07"]
[Time "14:07:00"]
[WhiteClock "0:03:00.000"]
[BlackClock "0:03:00.000"]
[ECO "C13"]
[PlyCount "44"]
[Result "0-1"]

1. d4 d5 2. e4 e6 3. Nc3 Nf6 4. Bg5 Be7 5. e5 Nfd7 6. h4 Bxg5 7. hxg5 Qxg5 8. Nh3 Qh6 9. Nb5 Na6 10. Qg4 Nb6 11. Bd3 Bd7 12. Nc3 Nb4 13. Ke2 Nxd3 14. cxd3 g6 15. Nf4 Qg7 16. Rac1 O-O-O 17. Qg5 h6 18. Qe7 Qf8 19. Qf6 Kb8 20. a4 Bc6 21. a5 Nd7 22. Qh4 g5 {White forfeits on time} 0-1

[Event "FICS rated blitz game"]
[Site "FICS freechess.org"]
[FICSGamesDBGameNo "20001660"]
[White "joa"]
[Black "Gabael"]
[WhiteElo "1710"]
[BlackElo "1537"]
[WhiteRD "na"]
[BlackRD "na"]
[TimeControl "180+0"]
[Date "1999.09.07"]
[Time "07:52:00"]
[WhiteClock "0:03:00.000"]
[BlackClock "0:03:00.000"]
[ECO "B08"]
[PlyCount "91"]
[Result "1-0"]

1. e4 d6 2. Nf3 Nf6 3. Nc3 g6 4. d4 Bg7 5. Bc4 O-O 6. O-O Nc6 7. Be3 e5 8. dxe5 Nxe5 9. Nxe5 dxe5 10. Qe2 Qe7 11. Bg5 h6 12. Bh4 g5 13. Bg3 Bg4 14. Qe3 Rfd8 15. h3 Bh5 16. a4 Bg6 17. a5 Rd4 18. Bd3 c5 19. Ra4 Rad8 20. Rxd4 cxd4 21. Nd5 Nxd5 22. Qe2 Nb4 23. Bc4 Qc5 24. b3 b5 25. Bd3 a6 26. h4 Nxd3 27. cxd3 f5 28. hxg5 hxg5 29. exf5 Bxf5 30. Qd2 Qe7 31. Re1 Re8 32. Qa2 Kh7 33. Qd2 Qd8 34. Kh2 Bf6 35. Rh1 Kg6 36. Kg1 Rh8 37. Qe2 Rxh1+ 38. Kxh1 Qh8+ 39. Kg1 Qh5 40. Qc2 Qg4 41. Qc6 Qd1+ 42. Kh2 Qh5+ 43. Kg1 Qd1+ 44. Kh2 Qh5+ 45. Bh4 Qxh4+ 46. Kg1 {Black forfeits on time} 1-0

[Event "FICS rated lightning game"]
[Site "FICS freechess.org"]
[FICSGamesDBGameNo "20001659"]
[White "Russianbear"]
[Black "tictactic"]
[WhiteElo "2027"]
[BlackElo "1829"]
[WhiteRD "na"]
[BlackRD "na"]
[TimeControl "60+0"]
[Date "1999.09.07"]
[Time "04:47:00"]
[WhiteClock "0:01:00.000"]
[BlackClock "0:01:00.000"]
[ECO "A40"]
[PlyCount "77"]
[Result "1-0"]

1. d4 c6 2. c3 d5 3. Bf4 f5 4. Bg3 e6 5. Nf3 Nf6 6. e3 Bd6 7. Nbd2 O-O 8. Be2 Qe7 9. Bxd6 Qxd6 10. O-O Nbd7 11. c4 Ne4 12. cxd5 exd5 13. Bd3 Ndf6 14. Ne5 Ng4 15. Ndf3 Be6 16. h3 Ngf6 17. Bxe4 fxe4 18. Nd2 Nd7 19. Nxd7 Qxd7 20. Nb3 Bxh3 21. gxh3 Qxh3 22. Re1 Rf3 23. Nd2 Qg4+ 24. Kf1 Qh3+ 25. Ke2 Raf8 26. Nxf3 Qxf3+ 27. Kd2 Qxf2+ 28. Re2 Qf6 29. Qg1 Qd6 30. Rae1 Qb4+ 31. Kc1 Qc4+ 32. Kb1 Qd3+ 33. Ka1 h6 34. Rg2 Qxe3 35. Rxg7+ Kh8 36. Qxe3 Rf4 37. Qxf4 Kxg7 38. Rg1+ Kh7 39. Qf7+ {Black resigns} 1-0

[Event "FICS rated blitz game"]
[Site "FICS freechess.org"]
[FICSGamesDBGameNo "20001658"]
[White "PaulNg"]
[Black "trelling"]
[WhiteElo "1930"]
[BlackElo "1782"]
[WhiteRD "na"]
[BlackRD "na"]
[TimeControl "180+0"]
[Date "1999.09.07"]
[Time "01:47:00"]
[WhiteClock "0:03:00.000"]
[BlackClock "0:03:00.000"]
[ECO "B04"]
[PlyCount "35"]
[Result "1-0"]

1. e4 Nf6 2. e5 Nd5 3. d4 d6 4. Nf3 c6 5. c4 Nc7 6. Nc3 dxe5 7. Nxe5 Nd7 8. Bf4 Nxe5 9. Bxe5 Bf5 10. Be2 f6 11. Bg3 e6 12. O-O Be7 13. Bf3 O-O 14. d5 cxd5 15. cxd5 exd5 16. Nxd5 Bd6 17. Nxc7 Qxc7 18. Bxd6 {Black resigns} 1-0